 Dungeon Crawl Stone Soup version 0.29.1-13-g9f3cf754e1 (webtiles) character file.

Game seed: 7127575232714467277

767 wolfrpgdude the Covered (level 7, -5/55 (56) HPs)
             Began as a Minotaur Fighter on Feb 11, 2023.
             Was a Follower of Hepliaklqana.
             Slain by a lemure (6 damage)
             ... led by Pikel
             ... on level 5 of the Dungeon.
             The game lasted 00:07:10 (5003 turns).

wolfrpgdude the Covered (Minotaur Fighter)          Turns: 5003, Time: 00:07:10

HP:   -5/55 (56)    AC: 10    Str: 23    XL:     7   Next: 52%
MP:   2/2           EV: 10    Int:  5    God:    Hepliaklqana [*.....]
Gold: 247           SH:  5    Dex:  9    Spells: 6/6 levels left

rFire   + + .      SeeInvis +   g - +2 dagger (antimagic)
rCold   . . .      Faith    .   c - +0 buckler
rNeg    . . .      Spirit   .   w - +0 ring mail of Tuag {rF++}
rPois   .          Reflect  .   (helmet restricted)
rElec   .          Harm     .   (no cloak)
rCorr   .          Rampage  .   (no gloves)
Will    .....                   (no boots)
Stlth   ..........              (no amulet)
HPRegen 0.18/turn               b - +4 ring of protection
MPRegen 0.08/turn               m - ring of see invisible

@: lightly drained
A: reduced essence, horns 2, retaliatory headbutt
a: Renounce Religion, Recall Ancestor, Ancestor Identity


You were on level 5 of the Dungeon.
You worshipped Hepliaklqana.
Hepliaklqana was aware of your devotion.
You visited 2 branches of the dungeon, and saw 6 of its levels.

You collected 247 gold pieces.

Inventory:

Hand Weapons
 a - a +0 long sword
 g - a +2 antimagic dagger (weapon)
Armour
 c - a +0 buckler (worn)
 l - a +0 chain mail
 w - the +0 ring mail of Tuag (worn) {rF++}
   (You found it on level 5 of the Dungeon)

   rF:        It greatly protects you from fire.
Jewellery
 b - a +4 ring of protection (left hand)
 m - a ring of see invisible (right hand)
 r - a +6 ring of dexterity
 u - an amulet of the acrobat
 x - a ring of flight
Scrolls
 h - 2 scrolls of fog {unknown}
 i - 4 scrolls of identify {unknown}
 j - 2 scrolls of poison {unknown}
 k - 4 scrolls of teleportation
 o - a scroll of summoning {unknown}
 q - 2 scrolls of immolation {unknown}
 s - a scroll of noise {unknown}
 t - a scroll of magic mapping {unknown}
 v - a scroll of vulnerability {unknown}
Potions
 d - 2 potions of might
 e - a potion of mutation {unknown}
 f - a potion of heal wounds
 n - a potion of attraction {unknown}
 p - a potion of brilliance {unknown}


   Skills:
 + Level 6.2 Fighting
 + Level 5.5 Long Blades
 + Level 6.2 Armour
 + Level 6.1 Shields


You had 6 spell levels left.
You didn't know any spells.
Your spell library was empty.

Dungeon Overview and Level Annotations

Branches:
Dungeon (5/15)             Temple (1/1) D:5

Altars:
Cheibriados
Elyvilon
Fedhas
Gozag
Hepliaklqana
Makhleb
Okawaru
Ru
Sif Muna
Trog
Vehumet
Wu Jian
Xom
Yredelemnul
Zin
The Shining One

Annotations:
D:3 1 runed translucent door, xian's ghost, amateur DsNe
D:5 Pikel


Innate Abilities, Weirdness & Mutations

Your life essence is reduced to manifest your ancestor. (-10% HP)
You have a pair of horns on your head.
You reflexively headbutt those who attack you in melee.


Message History

You are electrocuted!
Aercor hits Pikel but does no damage.
The lemure hits Aercor!
The lemure hits you but does no damage.
You closely miss the lemure. You headbutt the lemure!
The lemure is severely wounded.
Pikel completely misses you.
Aercor misses Pikel.
The lemure completely misses Aercor.
The lemure closely misses Aercor.
You barely miss the lemure.
The lemure is severely wounded.
Pikel barely misses you.
Aercor hits Pikel.
The lemure hits Aercor. x2
You miss the lemure.
The lemure is severely wounded.
You hit the lemure but do no damage.
You headbutt the lemure, but do no damage.
The lemure is severely wounded.
Pikel hits you but does no damage.
Aercor hits Pikel but does no damage.
The lemure closely misses Aercor.
The lemure hits Aercor!
Aercor is destroyed!
You hit the lemure.
The lemure is almost dead.
Pikel hits you with a +0 whip of electrocution.
You are electrocuted!!
An orc comes into view. It is wielding a +0 dagger.
You block the lemure's attack.
You are too injured to fight recklessly!
You are too injured to fight recklessly!
The orc shouts!
You hit Pikel but do no damage. Your headbutt misses Pikel.
Pikel is lightly wounded.
Pikel hits you but does no damage.
You are electrocuted!!
* * * LOW HITPOINT WARNING * * *
The lemure hits you.
* * * LOW HITPOINT WARNING * * *
The lemure closely misses you. You furiously retaliate!
You headbutt the lemure.
You kill the lemure!
That felt strangely unrewarding.
You hit Pikel but do no damage.
Pikel is lightly wounded.
Pikel hits you but does no damage. The lemure hits you.
You die...

.........
.........
........ #.....#
#oo...# #5oo..#
#K5o..# #@5...#
####.....###
#...........
#...........
#...........
#........... ###
#........... #..
#........... #..
######...........
#..


You could see Pikel, 3 lemures and 5 orcs.

Vanquished Creatures
  Menkaure (D:4)
  Pargi (D:3)
  A lemure (D:5)
  Blork the orc (D:5)
  2 scorpions (D:4)
  An orc priest (D:5)
  A hound (D:5)
  3 iguanas
  2 orc wizards (D:4)
  Robin (D:4)
  A river rat (D:3)
  5 adders
  A white imp (D:5)
  An ufetubus (D:5)
  2 worms
  2 dart slugs (D:2)
  3 orcs
  8 ball pythons
  A bat (D:2)
  6 endoplasms
  4 giant cockroaches
  17 goblins
  8 hobgoblins
  5 jackals
  6 kobolds
  2 quokkas
  3 frilled lizards (D:1)
  A rat (D:1)
90 creatures vanquished.

Vanquished Creatures (others)
  An orc wizard (D:5)
  An ancestor (D:5)
  13 plants (D:1)
15 creatures vanquished.

Grand Total: 105 creatures vanquished

Notes
Turn   | Place    | Note
-------+----------+-------------------------------------------
     0 | D:1      | wolfrpgdude the Minotaur Fighter began the quest for the
                  | Orb.
     0 | D:1      | Reached XP level 1. HP: 19/19 MP: 0/0
   390 | D:1      | Reached XP level 2. HP: 27/27 MP: 1/1
   420 | D:1      | You fall into a shaft and drop 1 floor!
   910 | D:2      | Reached XP level 3. HP: 33/33 MP: 0/2
  1493 | D:3      | Noticed Pargi
  1518 | D:3      | Killed Pargi
  1519 | D:3      | Reached XP level 4. HP: 34/41 MP: 1/3
  1519 | D:3      | Reached XP level 5. HP: 39/47 MP: 1/4
  1592 | D:3      | Found a radiant altar of Vehumet.
  1787 | D:3      | Found a runed translucent door.
  1791 | D:3      | Noticed xian's ghost (amateur DsNe)
  1857 | D:3      | Found a runed translucent door.
  2706 | D:4      | Noticed Menkaure
  2715 | D:4      | Killed Menkaure
  2716 | D:4      | Reached skill level 5 in Fighting
  2716 | D:4      | Reached skill level 5 in Armour
  2716 | D:4      | Reached skill level 5 in Shields
  2716 | D:4      | Reached XP level 6. HP: 34/56 MP: 1/5
  3174 | D:4      | Noticed Robin
  3223 | D:4      | Killed Robin
  3329 | D:4      | Reached XP level 7. HP: 48/51 MP: 2/6
  3380 | D:4      | Reached skill level 5 in Long Blades
  3453 | D:4      | Found an ornate altar of the Wu Jian Council.
  3456 | D:4      | Found a hazy altar of Hepliaklqana.
  3457 | D:4      | Found a white marble altar of Elyvilon.
  3457 | D:4      | Found a burning altar of Makhleb.
  3457 | D:4      | Found a shimmering altar of Xom.
  3458 | D:4      | Found a basalt altar of Yredelemnul.
  3467 | D:4      | Became a worshipper of Hepliaklqana the Forgotten
  3544 | D:4      | Found a glowing silver altar of Zin.
  3707 | D:5      | Entered Level 5 of the Dungeon
  4335 | D:5      | Found a staircase to the Ecumenical Temple.
  4356 | Temple   | Entered the Ecumenical Temple
  4465 | D:5      | Identified the +0 ring mail of Tuag {rF++}
  4673 | D:5      | Reached * piety under Hepliaklqana
  4771 | D:5      | Found an iron altar of Okawaru.
  4832 | D:5      | Noticed Blork the orc
  4847 | D:5      | Killed Blork the orc
  4989 | D:5      | Noticed Pikel
  5002 | D:5      | HP: 2/55 [Pikel/+0 whip of electrocution (18)]
  5003 | D:5      | Slain by a lemure

Illustrated notes

Levels and vault maps discovered:
D:1:      dpeg_arrival_stone_temple_mockup, layout_basic,
          dreamdust_wishing_well, serial_bayou_lagoon_a
D:2:      layout_rooms
D:3:      layout_basic, mainiacjoe_overflow_paths, ebering_ghost_sewer_f,
          uniq_pargi
D:4:      layout_cave_pools, grunt_temple_overflow_open,
          mainiacjoe_overflow_six_doors_small, kennysheep_nub,
          minmay_misc_feat_nine_boxes, uniq_robin, uniq_menkaure
D:5:      layout_gridville, okawaru_metal_pillars_1_2,
          minmay_temple_entry_crystal_x, nicolae_ossuary_entry_monument,
          uniq_blork_the_orc, uniq_pikel, uniq_sigmund
Temple:   hellmonk_temple_two_chambers

Skill      XL: |  1  2  3  4  5  6  7 |
---------------+----------------------+-----
Armour         | 4 5 6 |  6.2
Fighting       | 4 5 6 |  6.2
Shields        | 4 5 6 |  6.1
Long Blades    | 3 4 5 |  5.5

Action                   |  1- 3 |  4- 6 |  7- 9 || total
-------------------------+-------+-------+-------++-------
Melee: Long sword        |    14 |       |       ||    14
       Dagger            |   113 |   157 |   109 ||   379
       Headbutt          |    21 |    19 |    27 ||    67
Invok: Ancestor Identity |       |       |     1 ||     1
  Use: Scroll            |       |     1 |       ||     1
       Potion            |       |     1 |       ||     1
Armor: Scale mail        |    60 |     3 |       ||    63
       Chain mail        |       |   100 |    35 ||   135
       Ring mail         |       |       |     9 ||     9
Dodge: Dodged            |    65 |    46 |    41 ||   152
Block: Buckler           |    33 |    38 |    17 ||    88
